[Event "Titled Tuesday Blitz December 20 Early 2022"]
[White "ShahxaibKhan"]
[Black "Arancibia Guzman, Eduardo"]
[BlackFideId "3400670"]
[WhiteElo "2382"]
[BlackElo "2333"]
[Result "1-0"]
[Round "03"]
[TimeControl "180+2"]
[Date "2022.12.20"]
[WhiteClock "0:00:41"]
[BlackClock "0:00:06"]

1. e4 c5 2. Nc3 a6 3. f4 b5 4. Nf3 b4 5. Na4 e6 6. d4 cxd4 7. Qxd4 Nc6 8. Qf2 Nf6 9. Bd3 d5 10. e5 Ne4 11. Bxe4 dxe4 12. Ng5 Qa5 13. b3 Be7 14. Nxe4 O-O 15. Be3 Rb8 16. Bb6 Qb5 17. c4 bxc3 18. Nexc3 Bb4 19. Bc5 Qa5 20. Bxb4 Nxb4 21. O-O Bd7 22. Nc5 Bb5 23. Nxb5 Qxb5 24. a4 Qa5 25. Nd7 Nd3 26. Qg3 Rxb3 27. Nxf8 Kxf8 28. Rad1 Qb6+ 29. Kh1 Nxe5 30. Qh4 Nc6 31. Qxh7 Rb2 32. Rd7 Ke8 33. Rfd1 Nd4 34. Qg8+ Kxd7 35. Qxf7+ Kd6 36. Qf8+ Kd5 37. Qxg7 Qc5 38. Qe5+ Kc4 39. Rc1+ Kd3 40. Qxc5 1-0


[Site "https://www.chess.com"]

[Event "Titled Tuesday Blitz December 20 Early 2022"]
[White "Shankland, Sam"]
[Black "Salles, Louis"]
[WhiteFideId "2004887"]
[BlackFideId "20641826"]
[WhiteElo "2711"]
[BlackElo "2287"]
[Result "1-0"]
[Round "03"]
[TimeControl "180+2"]
[Date "2022.12.20"]
[WhiteClock "0:00:48"]
[BlackClock "0:00:28"]

1. d4 Nf6 2. c4 d6 3. Nf3 g6 4. Nc3 Bg7 5. e4 O-O 6. Be2 Nbd7 7. O-O e5 8. Be3 Ng4 9. Bg5 f6 10. Bc1 f5 11. exf5 gxf5 12. dxe5 Ngxe5 13. Be3 Kh8 14. Qd2 Nf6 15. Rad1 Be6 16. b3 Qe8 17. Rfe1 Qg6 18. Bf4 Ne4 19. Nxe4 fxe4 20. Nxe5 dxe5 21. Bg3 Rf5 22. Qe3 Rg5 23. Bf1 Bf5 24. Qc5 Bg4 25. Rd2 Qb6 26. Qxb6 axb6 27. Rxe4 h5 28. f3 Bf5 29. Re3 Re8 30. Bd3 Bxd3 31. Rdxd3 Bh6 32. Re4 Kh7 33. Kf2 Rf5 34. Rd7+ Kg6 35. a4 Bg5 36. Ke2 h4 37. Bxh4 1-0


[Site "https://www.chess.com"]

[Event "Titled Tuesday Blitz December 20 Early 2022"]
[White "Shockerlover"]
[Black "Haimov, Elchanan"]
[BlackFideId "2835916"]
[WhiteElo "1948"]
[BlackElo "1707"]
[Result "0-1"]
[Round "03"]
[TimeControl "180+2"]
[Date "2022.12.20"]
[WhiteClock "0:00:01"]
[BlackClock "0:02:03"]

1. d4 Nf6 2. Nf3 g6 3. c4 Bg7 4. g3 O-O 5. Bg2 d6 6. O-O c6 7. Nc3 Qa5 8. e4 Qh5 9. Ng5 h6 10. Qxh5 Nxh5 11. Nf3 Nd7 12. Re1 e5 13. dxe5 Nxe5 14. Nxe5 dxe5 15. Be3 Be6 16. c5 Nf6 17. Rad1 Rfd8 18. h3 Bf8 19. b4 Bc4 20. a3 a5 21. Rc1 axb4 22. axb4 Be6 23. Rc2 Ra3 24. Rb2 Rxc3 25. b5 Bd7 26. bxc6 Bxc6 27. Bd2 Rxc5 28. Bb4 Rb5 29. Bc3 Rxb2 30. Bxb2 Nd7 31. Bf1 Bg7 32. Bc4 Nb6 33. Bb3 Ba4 34. Ba2 Rd1 35. Rxd1 Bxd1 0-1


[Site "https://www.chess.com"]

[Event "Titled Tuesday Blitz December 20 Early 2022"]
[White "Silva Junior, Marcelo Valeriano"]
[Black "tylityli"]
[WhiteFideId "2183226"]
[WhiteElo "1866"]
[BlackElo "2334"]
[Result "0-1"]
[Round "03"]
[TimeControl "180+2"]
[Date "2022.12.20"]
[WhiteClock "0:00:07"]
[BlackClock "0:00:06"]

1. e4 e5 2. Nf3 Nc6 3. Bc4 Nf6 4. d3 Be7 5. O-O O-O 6. Re1 a6 7. c3 d5 8. exd5 Nxd5 9. Nxe5 Nxe5 10. Rxe5 Nb6 11. Bb3 Bd6 12. Re1 Qh4 13. g3 Qh3 14. Qf3 Bg4 15. Qg2 Qh5 16. Nd2 Rae8 17. Re4 Bf5 18. Nf1 Bxe4 19. dxe4 Bc5 20. Be3 Re7 21. f4 Rd8 22. e5 Bxe3+ 23. Nxe3 c6 24. Re1 g6 25. h3 Kf8 26. Ng4 Qf5 27. Bc2 Qe6 28. Nf6 h6 29. Qf2 Qxh3 30. f5 Nd5 31. fxg6 Nxf6 32. exf6 Re6 33. Rxe6 Qxe6 34. Bb3 Qg4 35. Bxf7 Qd1+ 36. Kg2 Rd2 37. Bb3 Rxf2+ 38. Kxf2 Qd2+ 39. Kg1 Qe1+ 40. Kg2 Qe2+ 41. Kg1 Qe3+ 42. Kg2 Qe4+ 43. Kh2 Qxg6 44. f7 Qb1 45. Kh3 Qxb2 46. Kg4 Qxc3 47. Kf5 Qg7 48. Ke6 Qd4 49. Kf5 Qe3 50. Kg4 Qg5+ 51. Kf3 b5 52. g4 c5 53. Be6 c4 54. Ke4 c3 55. Kd3 Qc5 56. Ke4 c2 57. Bb3 c1=Q 58. Kf3 Q1e3+ 59. Kg2 Qc6+ 60. Kf1 Qcf3# 0-1


[Site "https://www.chess.com"]

[Event "Titled Tuesday Blitz December 20 Early 2022"]
[White "SlipperySpeedster"]
[Black "Aradhya, Garg"]
[BlackFideId "25006746"]
[WhiteElo "2551"]
[BlackElo "2284"]
[Result "1-0"]
[Round "03"]
[TimeControl "180+2"]
[Date "2022.12.20"]
[WhiteClock "0:00:12"]
[BlackClock "0:00:12"]

1. Nf3 d5 2. d4 Nf6 3. c4 c6 4. cxd5 cxd5 5. Nc3 Nc6 6. Ne5 Nxe5 7. dxe5 d4 8. exf6 dxc3 9. Qxd8+ Kxd8 10. fxe7+ Bxe7 11. bxc3 Bf6 12. Bd2 Bf5 13. f3 Rc8 14. e4 Be6 15. Rc1 Ke7 16. Bd3 Rhd8 17. Ke2 b6 18. Rhd1 Rc7 19. Bf4 Rcd7 20. e5 Bh4 21. g3 g5 22. Be3 g4 23. f4 Bxa2 24. gxh4 Bd5 25. Bd4 Bf3+ 26. Ke3 Bxd1 27. Rxd1 h5 28. f5 Kf8 29. e6 fxe6 30. fxe6 Re7 31. Bc4 Rc8 32. Ba2 Rc6 33. Rf1+ Ke8 34. Rf6 b5 35. Rh6 Kd8 36. Be5 Kc8 37. Rh8+ Kb7 38. Rxh5 Rcxe6 39. Bxe6 Rxe6 40. Kd3 Kc6 41. Bd4 a5 42. Rc5+ Kd6 43. Rxb5 Re1 44. Rxa5 Rd1+ 45. Kc4 Rh1 46. h5 Ke7 47. Be5 Kf7 48. h6 g3 49. Bxg3 Kg6 50. Ra6+ Kh7 51. Bf4 Rf1 52. Ra7+ Kg6 53. Be3 Rf3 54. Kd4 Rh3 55. Bf4 Rh4 56. Ke4 Rh3 57. Rg7+ Kf6 58. Rg3 Rh4 59. Kf3 Rh5 60. c4 Ke6 61. Rg6+ Kf7 62. Rg5 Rh3+ 63. Kg4 Rxh6 64. Rf5+ Rf6 65. Rxf6+ Kxf6 66. h4 Ke6 67. h5 Kd7 68. h6 Kc6 69. h7 Kc5 70. h8=Q Kxc4 71. Qe5 Kd3 72. Kf3 Kc2 73. Qd4 Kb3 74. Be5 Ka3 75. Qb2+ Ka4 76. Bd4 Ka5 77. Bc5 Ka4 78. Qb4# 1-0


[Site "https://www.chess.com"]

[Event "Titled Tuesday Blitz December 20 Early 2022"]
[White "Suduvasachmatai"]
[Black "Ademi, Sead"]
[BlackFideId "906514"]
[WhiteElo "2110"]
[BlackElo "2168"]
[Result "1-0"]
[Round "03"]
[TimeControl "180+2"]
[Date "2022.12.20"]
[WhiteClock "0:02:22"]
[BlackClock "0:01:30"]

1. e4 c5 2. c3 d5 3. exd5 Qxd5 4. d4 Nf6 5. Nf3 Bg4 6. Be2 e6 7. O-O Nc6 8. Be3 cxd4 9. cxd4 Be7 10. Nc3 Qd8 11. Ne5 Bxe2 12. Qxe2 Nd5 13. Qb5 Nxc3 14. bxc3 Qc7 15. Rab1 Rb8 16. Nxc6 bxc6 17. Qxb8+ Qxb8 18. Rxb8+ 1-0


[Site "https://www.chess.com"]

[Event "Titled Tuesday Blitz December 20 Early 2022"]
[White "Szpar, Milosz"]
[Black "Harsha_Bharathakoti"]
[WhiteFideId "1184989"]
[WhiteElo "2447"]
[BlackElo "2867"]
[Result "1/2-1/2"]
[Round "03"]
[TimeControl "180+2"]
[Date "2022.12.20"]
[WhiteClock "0:00:02"]
[BlackClock "0:00:03"]

1. e4 e6 2. d4 d5 3. Nc3 Be7 4. exd5 exd5 5. Bd3 c6 6. h3 Nf6 7. Nf3 O-O 8. Bf4 Re8 9. O-O Nbd7 10. Re1 Nf8 11. a3 a5 12. Qd2 Ne6 13. Be5 g6 14. Ne2 Ne4 15. Qe3 f6 16. Bh2 Ng7 17. Ng3 Nxg3 18. Bxg3 Bxa3 19. Qh6 Bxb2 20. Rxe8+ Qxe8 21. Re1 Qf7 22. Nh4 Bf5 23. Bxf5 gxf5 24. Bd6 Re8 25. Rxe8+ Nxe8 26. Nxf5 Nxd6 27. Nxd6 Qe6 28. Qf4 a4 29. Nf5 a3 30. Qb8+ Kf7 31. Qxb7+ Kf8 32. Qb8+ Kf7 33. Qc7+ Kf8 34. Qd8+ Kf7 35. g4 Qe1+ 36. Kh2 Qe4 37. Qd7+ Kf8 38. Qd8+ Kf7 39. Nd6+ Ke6 40. Nxe4 dxe4 41. Qc8+ Kd6 42. Qb8+ Kd5 43. Qb3+ Kxd4 44. Kg2 c5 45. c4 h6 46. Kf1 Ke5 47. Ke2 Kd4 48. Kd1 Ke5 49. Kc2 Bd4 50. Qxa3 Bxf2 51. Qa7 Kf4 52. Qf7 Bd4 53. Qe6 e3 54. Qf5+ Kg3 55. Kd3 Kg2 56. Ke2 Kg3 57. Qf3+ Kh4 58. Qf5 Kg3 59. Kf1 Bc3 60. Qe4 Bd4 61. Qf5 Bc3 62. Ke2 Bd4 1/2-1/2


[Site "https://www.chess.com"]

[Event "Titled Tuesday Blitz December 20 Early 2022"]
[White "TERMINATOR_PC"]
[Black "Aleksandar-Topalov"]
[WhiteElo "2620"]
[BlackElo "2401"]
[Result "1-0"]
[Round "03"]
[TimeControl "180+2"]
[Date "2022.12.20"]
[WhiteClock "0:00:04"]
[BlackClock "0:00:04"]

1. e4 e6 2. d4 d5 3. Nc3 Bb4 4. Ne2 Nf6 5. Bg5 h6 6. Bxf6 Qxf6 7. a3 Bxc3+ 8. Nxc3 O-O 9. Be2 Nc6 10. e5 Qe7 11. O-O f6 12. f4 fxe5 13. fxe5 Bd7 14. Qd2 a6 15. Rxf8+ Rxf8 16. Rf1 Rxf1+ 17. Bxf1 Qh4 18. Ne2 Be8 19. c3 Bg6 20. g3 Qe4 21. Nf4 Qb1 22. Kf2 Bf5 23. h3 g5 24. Nh5 Ne7 25. h4 Qc2 26. Qxc2 Bxc2 27. Nf6+ Kf7 28. Be2 gxh4 29. gxh4 Bg6 30. h5 Bf5 31. Ke3 Ng8 32. Nd7 a5 33. Nc5 b6 34. Na6 c6 35. Nb8 Ne7 36. Nd7 b5 37. Nc5 a4 38. Kf4 Nc8 39. Nb7 Ke7 40. Bg4 Bxg4 41. Kxg4 Nb6 42. Nc5 Nc4 43. Nd3 Ne3+ 44. Kf3 Nf5 45. Nf2 Ng7 46. Ng4 Nxh5 47. Nxh6 Ng7 48. Kg4 Ne8 49. Kg5 Nc7 50. Kg6 Na6 51. Ng8+ Kf8 52. Nf6 Ke7 53. Ng8+ Kf8 54. Nh6 Ke7 55. Kg7 c5 56. Ng8+ Kd7 57. Kf7 b4 58. Nf6+ Kc6 59. Kxe6 bxc3 60. bxc3 cxd4 61. cxd4 Nb4 62. axb4 a3 63. b5+ Kxb5 64. Nxd5 Kc4 65. Kd6 a2 66. Ne3+ Kd3 67. e6 a1=Q 68. e7 Qa3+ 69. Kd7 Qa7+ 70. Ke6 Qb6+ 71. Kf7 Qb3+ 72. d5 Qb7 73. d6 Qd7 74. Nd5 Qf5+ 75. Nf6 1-0


[Site "https://www.chess.com"]

[Event "Titled Tuesday Blitz December 20 Early 2022"]
[White "Tarno, Brian"]
[Black "D`Arruda, Ricardo D."]
[WhiteFideId "10833820"]
[BlackFideId "100692"]
[WhiteElo "2169"]
[BlackElo "2271"]
[Result "0-1"]
[Round "03"]
[TimeControl "180+2"]
[Date "2022.12.20"]
[WhiteClock "0:00:01"]
[BlackClock "0:00:39"]

1. e4 c5 2. Nf3 Nc6 3. Bb5 g6 4. O-O Bg7 5. c3 Nf6 6. Re1 O-O 7. d3 a6 8. Ba4 b5 9. Bc2 Bb7 10. Nbd2 Rc8 11. Nf1 d5 12. Ng3 dxe4 13. dxe4 Qxd1 14. Rxd1 Rfd8 15. Be3 c4 16. Bb6 Rd7 17. h4 Nb8 18. e5 Nd5 19. h5 Nxb6 20. hxg6 hxg6 21. e6 Rxd1+ 22. Rxd1 f5 23. Nh4 Kh7 24. Ngxf5 gxf5 25. Nxf5 Kh8 26. Nxe7 Bf6 27. Nxc8 Bxc8 28. Rd6 Na8 29. Bf5 Be7 30. Rd4 Kg7 31. g4 Kf6 32. f4 Bc5 33. Kf2 Nc6 34. Ke3 Nc7 35. Be4 Nxd4 36. cxd4 Bb6 37. f5 Bxe6 38. fxe6 Nxe6 39. b3 Bxd4+ 40. Kd2 Nc5 41. bxc4 bxc4 42. Bd5 c3+ 43. Kc2 Kg5 0-1


[Site "https://www.chess.com"]

[Event "Titled Tuesday Blitz December 20 Early 2022"]
[White "The_Machine04"]
[Black "Narayanan, Srinath"]
[BlackFideId "5018420"]
[WhiteElo "2652"]
[BlackElo "2559"]
[Result "0-1"]
[Round "03"]
[TimeControl "180+2"]
[Date "2022.12.20"]
[WhiteClock "0:00:03"]
[BlackClock "0:00:58"]

1. d4 d5 2. Nf3 Nf6 3. Nbd2 c6 4. e3 g6 5. b4 Bg7 6. c4 O-O 7. Bb2 a5 8. b5 cxb5 9. cxb5 Nbd7 10. Bd3 Nb6 11. O-O Bf5 12. Bxf5 gxf5 13. Rc1 a4 14. Ba3 Re8 15. Ne5 e6 16. Nd3 Ne4 17. Nxe4 fxe4 18. Nb2 Qd7 19. Qe2 Ra5 20. Bb4 Qxb5 21. Qd2 Raa8 22. a3 Rac8 23. Rc5 Rxc5 24. Bxc5 Nc4 25. Nxc4 dxc4 26. Qc2 Qb3 27. Qxe4 c3 28. Rb1 f5 29. Rxb3 axb3 30. Qd3 c2 31. Qc4 Kf7 32. a4 Rc8 33. g3 b6 34. Kg2 bxc5 35. dxc5 Bb2 36. Qxb3 Rxc5 37. Qb7+ Kg6 38. Qxb2 c1=Q 39. Qe5 Rxe5 0-1


[Site "https://www.chess.com"]

[Event "Titled Tuesday Blitz December 20 Early 2022"]
[White "Timofeeva, Galina"]
[Black "Goryachkina, Aleksandra"]
[WhiteFideId "14106175"]
[BlackFideId "4147103"]
[WhiteElo "1955"]
[BlackElo "2571"]
[Result "1-0"]
[Round "03"]
[TimeControl "180+2"]
[Date "2022.12.20"]
[WhiteClock "0:00:05"]
[BlackClock "0:00:01"]

1. e4 c5 2. Nf3 e6 3. c3 Nf6 4. d3 d5 5. Nbd2 Nc6 6. Qe2 g6 7. g3 Bg7 8. Bg2 O-O 9. O-O e5 10. a4 h6 11. exd5 Nxd5 12. Nc4 Re8 13. Bd2 Bf5 14. Rfd1 Qd7 15. Be3 Nxe3 16. fxe3 Rad8 17. e4 Be6 18. Ne3 f5 19. Nh4 f4 20. Nd5 g5 21. Nf5 Bxd5 22. exd5 Qxf5 23. dxc6 bxc6 24. Bxc6 Re7 25. Be4 Qd7 26. Rf1 Rf8 27. g4 h5 28. h3 hxg4 29. hxg4 Rf6 30. Kg2 Rh6 31. Rh1 Ree6 32. Qf3 Rd6 33. Rxh6 Rxh6 34. a5 c4 35. Bd5+ Kf8 36. Be4 cxd3 37. Bxd3 Rh4 38. Rd1 Qxg4+ 39. Qxg4 Rxg4+ 40. Kf3 Rh4 41. Ke4 g4 42. Kf5 g3 43. Be4 Rh5+ 44. Ke6 Rh6+ 45. Kf5 Rf6+ 46. Kg4 Rf7 47. b4 Ke7 48. c4 Kf6 49. Rd6+ Ke7 50. c5 Bf8 51. Ra6 Rg7+ 52. Kh3 Kd8 53. Rh6 Kc7 54. Rh8 Be7 55. Kg2 Rf7 56. Kf3 Bd8 57. Rh5 Rg7 58. Kg2 Bf6 59. Rf5 Be7 60. Rxe5 Bg5 61. Rf5 Bh6 62. b5 Re7 63. b6+ axb6 64. axb6+ Kd7 65. c6+ Kd6 66. Bf3 Re6 67. c7 1-0


[Site "https://www.chess.com"]

[Event "Titled Tuesday Blitz December 20 Early 2022"]
[White "Tobias_Koelle"]
[Black "FairChess_on_YouTube"]
[WhiteElo "2779"]
[BlackElo "3072"]
[Result "1-0"]
[Round "03"]
[TimeControl "180+2"]
[Date "2022.12.20"]
[WhiteClock "0:00:18"]
[BlackClock "0:00:04"]

1. d4 Nf6 2. c4 e6 3. Nf3 a6 4. e3 d5 5. b3 c5 6. Bd3 cxd4 7. exd4 b6 8. O-O Bb7 9. Bb2 Nbd7 10. Nbd2 Be7 11. Qe2 O-O 12. Ne5 dxc4 13. bxc4 b5 14. cxb5 axb5 15. Bxb5 Nxe5 16. dxe5 Nd5 17. Nf3 Nf4 18. Qe3 Bg5 19. Nxg5 Qxg5 20. Qg3 Qf5 21. Bc1 Ng6 22. Re1 Ba6 23. Bc6 Rac8 24. Be4 Qxe5 25. Qxe5 Nxe5 26. Bxh7+ Kxh7 27. Rxe5 Rfd8 28. Be3 Bc4 29. a4 Bd5 30. Rh5+ Kg6 31. Rg5+ Kh7 32. Rg4 f5 33. Rb4 e5 34. Bg5 Rd7 35. h3 Kg6 36. Bh4 f4 37. Re1 Kf5 38. g4+ fxg3 39. Bxg3 Re8 40. a5 Bf3 41. a6 e4 42. Rb5+ Kg6 43. Rb7 Rd2 44. a7 Ra2 45. Rb8 Kf7 46. Rxe8 Kxe8 47. Bb8 Kd7 48. Rc1 e3 49. fxe3 Ke6 50. Rc4 Kf5 51. Rf4+ Ke6 52. Rxf3 Kd5 53. Rf2 Ra1+ 54. Kg2 Ke4 55. Rf8 Kxe3 56. Bf4+ Ke4 57. a8=Q+ 1-0


[Site "https://www.chess.com"]

[Event "Titled Tuesday Blitz December 20 Early 2022"]
[White "Tsyhanchuk_Stanislav"]
[Black "Skoularikis, Fotios"]
[BlackFideId "4200500"]
[WhiteElo "2335"]
[BlackElo "2223"]
[Result "0-1"]
[Round "03"]
[TimeControl "180+2"]
[Date "2022.12.20"]
[WhiteClock "0:00:02"]
[BlackClock "0:00:51"]

1. e4 e5 2. Nc3 Nc6 3. g3 Bc5 4. Bg2 d6 5. Nge2 a5 6. O-O h5 7. h4 Nh6 8. d3 Ng4 9. Nd5 Ba7 10. Bg5 f6 11. Be3 Nxe3 12. fxe3 Bg4 13. Bf3 Ne7 14. Nec3 c6 15. Nxe7 Bxe3+ 16. Kg2 Qxe7 17. Bxg4 hxg4 18. Qxg4 Qd7 19. Qg6+ Qf7 20. Qg4 Kd8 21. Rf3 Bd4 22. a4 Ra6 23. Nd1 Kc7 24. c3 Ba7 25. Ne3 Bxe3 26. Rxe3 Rb6 27. Re2 g6 28. Rf1 Rf8 29. Ref2 Qg7 30. h5 g5 31. Rh1 Qh6 32. Qe6 c5 33. b3 Kb8 34. b4 cxb4 35. cxb4 Rxb4 36. Qxd6+ Ka7 37. g4 Qg7 38. h6 Qh8 39. h7 Rf7 40. Qc5+ b6 0-1


[Site "https://www.chess.com"]

[Event "Titled Tuesday Blitz December 20 Early 2022"]
[White "Van der Nat, Nicholas"]
[Black "Mohammed, Dilshad"]
[WhiteFideId "14300427"]
[BlackFideId "5050421"]
[WhiteElo "2362"]
[BlackElo "2103"]
[Result "1-0"]
[Round "03"]
[TimeControl "180+2"]
[Date "2022.12.20"]
[WhiteClock "0:00:52"]
[BlackClock "0:00:05"]

1. c4 c5 2. g3 g6 3. Bg2 Bg7 4. Nc3 Nc6 5. Nf3 Nf6 6. O-O e5 7. d3 d6 8. Bg5 O-O 9. Ne1 Be6 10. Nc2 h6 11. Bxf6 Bxf6 12. Ne3 Bg7 13. Ned5 Bxd5 14. Nxd5 Ne7 15. Rb1 Rb8 16. b4 Nxd5 17. Bxd5 b6 18. Qa4 Qe7 19. bxc5 dxc5 20. Qc2 Kh8 21. a4 f5 22. Qa2 e4 23. dxe4 fxe4 24. e3 h5 25. a5 h4 26. axb6 axb6 27. Qc2 hxg3 28. hxg3 Rfe8 29. Kg2 Bf6 30. Rh1+ Kg7 31. Rh3 Rh8 32. Rxh8 Kxh8 33. Bxe4 Kg7 34. Bxg6 Qd7 35. Be4 Rh8 36. Rxb6 Qh3+ 37. Kg1 Qh2+ 38. Kf1 Rf8 39. Rb7+ Kg8 40. Rh7 Bh4 41. Bd5+ 1-0


[Site "https://www.chess.com"]

[Event "Titled Tuesday Blitz December 20 Early 2022"]
[White "Voilo, Anastasia"]
[Black "VitorBronson"]
[WhiteFideId "34112413"]
[WhiteElo "2133"]
[BlackElo "2459"]
[Result "0-1"]
[Round "03"]
[TimeControl "180+2"]
[Date "2022.12.20"]
[WhiteClock "0:00:08"]
[BlackClock "0:01:29"]

1. c4 e5 2. Nc3 Nf6 3. Nf3 Nc6 4. g3 Bb4 5. Bg2 O-O 6. O-O Re8 7. d3 h6 8. Bd2 d5 9. cxd5 Nxd5 10. Nxd5 Qxd5 11. Bxb4 Nxb4 12. Nd2 Qd8 13. Qb3 a5 14. a3 Be6 15. Nc4 Nc6 16. Qxb7 Bd5 17. Bxd5 Qxd5 18. Ne3 Qe6 19. Rac1 Nd4 20. Rfe1 Rab8 21. Qxc7 Rxb2 22. Nc2 Nb3 23. Rb1 Rc8 24. Qxc8+ Qxc8 25. Rxb2 Qc3 26. Reb1 Nd2 27. Rb8+ Kh7 28. R1b2 e4 29. dxe4 Nc4 30. R8b3 Qe5 31. Rb1 Qxe4 32. Rc1 Nd2 33. Re3 Qc6 34. Rd3 Ne4 35. Re3 Ng5 36. Rd3 Nh3+ 0-1


[Site "https://www.chess.com"]

[Event "Titled Tuesday Blitz December 20 Early 2022"]
[White "Vsevolod_Ovchinnikov"]
[Black "Michels, Achim"]
[BlackFideId "4677889"]
[WhiteElo "2557"]
[BlackElo "2163"]
[Result "1/2-1/2"]
[Round "03"]
[TimeControl "180+2"]
[Date "2022.12.20"]
[WhiteClock "0:00:09"]
[BlackClock "0:00:05"]

1. d4 Nf6 2. c4 e6 3. g3 Bb4+ 4. Bd2 Qe7 5. Bg2 Bxd2+ 6. Qxd2 Nc6 7. d5 exd5 8. cxd5 Ne5 9. Nf3 d6 10. Nxe5 Qxe5 11. Nc3 Bf5 12. Rc1 O-O 13. O-O Rfe8 14. Rfe1 Qe7 15. Nb5 Rec8 16. f3 a6 17. Nd4 Bg6 18. e4 Nd7 19. Re3 h5 20. f4 Bh7 21. b4 Nb6 22. Qe2 h4 23. Rec3 Na4 24. Re3 Re8 25. a3 a5 26. Nb5 Rac8 27. Bh3 f5 28. Re1 c6 29. dxc6 bxc6 30. Nd4 fxe4 31. Bxc8 Rxc8 32. Rxe4 Bxe4 33. Qxe4 Qxe4 34. Rxe4 axb4 35. axb4 Nc3 36. Re6 Nd5 37. Rxd6 Nxb4 38. gxh4 c5 39. Ne2 Re8 40. Kf1 Kf7 41. Rd7+ Kf6 42. Rc7 Nd3 43. Rc6+ Kf5 44. Rc7 g6 45. Rc6 Nxf4 46. Rxc5+ Kg4 47. Nxf4 Kxf4 48. Rg5 Rh8 49. Rxg6 Rxh4 50. Rg2 Kf3 51. Rf2+ Kg4 52. Kg2 Kh5 53. Rf5+ Kh6 54. Kg3 Re4 55. h4 Re8 56. Kg4 Rg8+ 57. Kf4 Rg1 58. Rd5 Rf1+ 59. Kg3 Rg1+ 60. Kf3 Rh1 61. Kg3 Rg1+ 62. Kh2 Rb1 63. h5 Rb3 64. Kg2 Ra3 65. Rf5 Rb3 66. Rf3 Rxf3 67. Kxf3 Kxh5 1/2-1/2


[Site "https://www.chess.com"]

[Event "Titled Tuesday Blitz December 20 Early 2022"]
[White "WhiteKnight2612"]
[Black "wonderfultime"]
[WhiteElo "2753"]
[BlackElo "3066"]
[Result "0-1"]
[Round "03"]
[TimeControl "180+2"]
[Date "2022.12.20"]
[WhiteClock "0:01:45"]
[BlackClock "0:02:17"]

1. d4 d5 2. c4 c6 3. Nc3 Nf6 4. Nf3 a6 5. a4 e6 6. Bf4 a5 7. e3 Na6 8. Be2 Nb4 9. O-O Be7 10. h3 O-O 11. Bh2 b6 12. Ne5 Bb7 13. f4 c5 14. cxd5 Nbxd5 15. Qe1 cxd4 16. exd4 Ne3 17. Rf2 Nc2 18. Qc1 Nxa1 19. Qxa1 Qxd4 20. Nb5 Qe3 21. Bf3 Bxf3 22. gxf3 Bc5 0-1


[Site "https://www.chess.com"]

[Event "Titled Tuesday Blitz December 20 Early 2022"]
[White "WiktoriaPOL"]
[Black "ChessShop"]
[WhiteElo "2241"]
[BlackElo "2502"]
[Result "0-1"]
[Round "03"]
[TimeControl "180+2"]
[Date "2022.12.20"]
[WhiteClock "0:00:01"]
[BlackClock "0:00:06"]

1. c4 c6 2. Nf3 d6 3. e3 e5 4. d4 Nd7 5. b3 Be7 6. Bb2 e4 7. Nfd2 d5 8. Nc3 Ngf6 9. Be2 O-O 10. O-O Re8 11. Rc1 a6 12. f3 exf3 13. Bxf3 Bb4 14. cxd5 Bxc3 15. Bxc3 cxd5 16. Re1 Nf8 17. e4 dxe4 18. Nxe4 Nxe4 19. Bxe4 Ra7 20. Qf3 b5 21. Re2 Rae7 22. Rce1 b4 23. Bb2 a5 24. Re3 Ba6 25. Qf5 Bc8 26. Qf4 h6 27. Qf3 Ba6 28. Qg4 Bc8 29. Qf4 Ne6 0-1


[Site "https://www.chess.com"]

[Event "Titled Tuesday Blitz December 20 Early 2022"]
[White "Wild, Achim"]
[Black "maurovargas01"]
[WhiteFideId "4658728"]
[WhiteElo "2265"]
[BlackElo "1920"]
[Result "1-0"]
[Round "03"]
[TimeControl "180+2"]
[Date "2022.12.20"]
[WhiteClock "0:02:29"]
[BlackClock "0:00:05"]

1. a3 e5 2. e3 Nc6 3. b4 f5 4. Bb2 d6 5. c4 Be6 6. Qc2 Nf6 7. d4 exd4 8. exd4 Ne7 9. d5 Bd7 10. Nf3 Ng6 11. Bd3 f4 12. Bxg6+ hxg6 13. Qxg6+ Ke7 14. O-O Rh6 15. Re1+ Be6 16. Rxe6+ Kd7 17. Qf7+ 1-0


[Site "https://www.chess.com"]

[Event "Titled Tuesday Blitz December 20 Early 2022"]
[White "Yurasova_Daria"]
[Black "Dadic, Ivan"]
[BlackFideId "14531364"]
[WhiteElo "2502"]
[BlackElo "2080"]
[Result "1-0"]
[Round "03"]
[TimeControl "180+2"]
[Date "2022.12.20"]
[WhiteClock "0:02:26"]
[BlackClock "0:02:23"]

1. d4 Nf6 2. Bg5 Ne4 3. Bf4 c5 4. d5 g6 5. Nd2 Nxd2 6. Qxd2 Bg7 7. c3 O-O 8. Nf3 d6 9. e4 e6 10. Be2 exd5 11. exd5 Re8 12. O-O Bf8 13. Rfe1 Nd7 14. Bf1 Nf6 15. Bg5 Ne4 16. Rxe4 1-0


[Site "https://www.chess.com"]

[Event "Titled Tuesday Blitz December 20 Early 2022"]
[White "Zhigalko_Sergei"]
[Black "forevery0ung"]
[WhiteElo "2876"]
[BlackElo "2661"]
[Result "1-0"]
[Round "03"]
[TimeControl "180+2"]
[Date "2022.12.20"]
[WhiteClock "0:00:09"]
[BlackClock "0:00:09"]

1. e4 e6 2. d4 d5 3. e5 c5 4. c3 Bd7 5. Nf3 Qb6 6. Be2 Bb5 7. Bxb5+ Qxb5 8. a4 Qa6 9. dxc5 Bxc5 10. b4 Bf8 11. Na3 Nd7 12. Nb5 Qc6 13. O-O a6 14. Nbd4 Qc4 15. h4 Ne7 16. h5 Nc6 17. Re1 Nxd4 18. Nxd4 Qxc3 19. Ra3 Qc4 20. Rg3 Bxb4 21. Re2 Bc5 22. Nf3 Rc8 23. Bd2 O-O 24. Bh6 g6 25. Rb2 Rfd8 26. hxg6 hxg6 27. Rxb7 Rb8 28. Qb1 Rxb7 29. Rxg6+ Kh8 30. Bg7+ Kh7 31. Ng5+ Kg8 32. Bh6+ Kh8 33. Nxf7+ Kh7 34. Rg7# 1-0


[Site "https://www.chess.com"]

[Event "Titled Tuesday Blitz December 20 Early 2022"]
[White "Zozik, S. Mohammed"]
[Black "Cag, Ceyda"]
[WhiteFideId "4803280"]
[BlackFideId "34571477"]
[WhiteElo "2116"]
[BlackElo "2157"]
[Result "1/2-1/2"]
[Round "03"]
[TimeControl "180+2"]
[Date "2022.12.20"]
[WhiteClock "0:00:27"]
[BlackClock "0:00:14"]

1. d4 d5 2. Nf3 e6 3. c4 Nf6 4. g3 c6 5. Bg2 Nbd7 6. O-O Bd6 7. Nbd2 e5 8. dxe5 Nxe5 9. Nxe5 Bxe5 10. cxd5 cxd5 11. Nf3 Bd6 12. Bg5 Be6 13. Qb3 O-O 14. Nd4 h6 15. Bxf6 Qxf6 16. Nxe6 fxe6 17. Qxb7 Be5 18. Rab1 Rfb8 19. Qc6 Rc8 20. Qa4 Bxb2 21. e4 dxe4 22. Bxe4 Rab8 23. Qxa7 Rb4 24. Bg2 Bd4 25. Qd7 Rcb8 26. Rxb4 Rxb4 27. Bh3 Rb2 28. Qxe6+ Qxe6 29. Bxe6+ Kf8 30. Kg2 Ke7 31. Bb3 g5 32. h3 Kf6 33. Kf3 h5 34. g4 h4 35. Bc4 Ke5 36. a4 Rb4 37. Bb5 Rb2 38. Bc6 Kd6 39. Be4 Ra2 40. Bd3 Rxa4 41. Re1 Ra3 42. Rd1 Ke5 43. Rd2 Bc3 44. Re2+ Kd4 45. Bf5 Bb4+ 46. Kg2 Ra1 47. Re4+ Kc3 48. Re6 Bc5 49. Rg6 Ra2 50. Rxg5 Rxf2+ 51. Kh1 Kd4 52. Rh5 Ke3 53. Rxh4 Bd4 54. g5 Ba7 55. Rg4 Kf3 56. g6 Rf1+ 57. Kh2 Rf2+ 58. Kh1 Rf1+ 59. Kh2 Rf2+ 60. Kh1 1/2-1/2


[Site "https://www.chess.com"]

[Event "Titled Tuesday Blitz December 20 Early 2022"]
[White "ajedrezsinlimites"]
[Black "Tomescu, Vlad"]
[BlackFideId "1201026"]
[WhiteElo "2576"]
[BlackElo "2323"]
[Result "0-1"]
[Round "03"]
[TimeControl "180+2"]
[Date "2022.12.20"]
[WhiteClock "0:02:16"]
[BlackClock "0:00:50"]

1. e4 c6 2. d4 d5 3. exd5 cxd5 4. Bd3 Nc6 5. c3 Nf6 6. Bf4 g6 7. Nf3 Bf5 8. h3 Bxd3 9. Qxd3 Bg7 10. Nbd2 O-O 11. O-O a6 12. Rfe1 b5 13. a4 b4 14. Nb3 bxc3 15. bxc3 Ne4 16. Ne5 Nxe5 17. Bxe5 Bxe5 18. dxe5 e6 19. Rac1 Qb6 20. Nd4 Rfc8 21. h4 Rc4 22. f3 Nxc3 23. Rxc3 Qxd4+ 24. Qxd4 Rxd4 25. Ra1 Rxh4 26. Rc6 a5 27. Rc5 Rc4 28. Rb5 g5 29. Kf2 Kg7 30. g4 Kg6 31. Ke3 h5 32. gxh5+ Kxh5 33. Rb7 Kg6 34. Kf2 Rac8 35. Ra7 R4c5 36. Rg1 R8c7 37. Ra8 Kf5 38. Rg8 Rc2+ 39. Ke3 R7c3+ 40. Kd4 Rc4+ 41. Kd3 Kxe5 42. R1xg5+ Kd6 43. Rf8 R4c3+ 44. Kd4 e5+ 45. Rxe5 Rc4+ 46. Kd3 Kxe5 0-1


[Site "https://www.chess.com"]